AoeStats
← PaulTschigerillo

Arabia

510118537Analyzed
2v2 RM · 1d ago on Sep 29, 2026· 27m 20s· 4 players
Game mode
Random Map
Map size
Medium (4 player)
Population
200
Speed
Normal
Resources
Standard
Victory
Conquest
Starting age
Dark Age
Ending age
Imperial Age
RankedLock teamsTeams togetherTeam positionsShared explorationLock speedFull tech treeHidden civsTurbo modeCheats
Victory
Defeat
🇬🇧 Sicilians · United Kingdom
1259
+13
1176
+15
🇩🇪 Saxons · Germany
1179
-14
🇩🇪 Danes · Germany
1178
-14
fickr
11:17 Feudal Age
9:53 Loom
12:18 Man-at-Arms
13:41 Town Watch
19:12 Horse Collar
21:17 Double-Bit Axe
25:15 Castle Age
PaulTschigerillo
8:00 Loom
10:19 Feudal Age
10:44 Double-Bit Axe
18:55 Fletching
27:48 Castle Age
youtube.com/@Radio_Latex
7:03 Loom
9:22 Feudal Age
11:30 Double-Bit Axe
14:54 Scale Barding Armor
15:07 Bloodlines
15:45 Forging
24:19 Castle Age
25:27 Chain Barding Armor
27:26 Husbandry
david.down
6:38 Loom
9:26 Feudal Age
17:45 Double-Bit Axe
18:16 Scale Mail Armor
19:49 Forging
24:27 Horse Collar
26:16 Fletching
Connection lost

Rejoining the realm…

Still unreachable

The connection could not be restored.

Session expired

The server has moved on; the page needs a fresh start.